 Dungeon Crawl Stone Soup version 0.22.0-49-gab54619674 (webtiles) character file.

211 JedernureinKreuz the Conjurer (level 5, -5/37 HPs)
             Began as a Gnoll Conjurer on Sept 8, 2018.
             Shot with an arrow by a centaur (8 damage)
             ... on level 5 of the Dungeon.
             The game lasted 00:08:43 (1683 turns).

JedernureinKreuz the Conjurer (Gnoll Conjurer)      Turns: 1683, Time: 00:08:44

Health: -5/37      AC:  3    Str: 11    XL:     5   Next: 88%
Magic:  4/12       EV: 14    Int: 18    God:
Gold:   161        SH:  4    Dex: 15    Spells: 13/14 levels left

rFire    . . .     SeeInvis .   u - +0 dagger (venom)
rCold    . . .     Gourm    .   l - +0 buckler
rNeg     . . .     Faith    .   q - +0 leather armour
rPois    .         Spirit   .   (no helmet)
rElec    .         Reflect  .   (no cloak)
rCorr    .         Harm     .   (no gloves)
MR       .....                  (no boots)
Stlth    +++.......             (no amulet)
HPRegen  0.12/turn              (no ring)
MPRegen  0.13/turn              (no ring)

@: no status effects
A: distributed training, fangs 1, strong nose
a: no special abilities


You were on level 5 of the Dungeon.
You were not hungry.

You visited 1 branch of the dungeon, and saw 4 of its levels.

You collected 161 gold pieces.

Inventory:

Hand Weapons
 g - a +0 club
 j - a +0 dagger
 p - a +0 short sword
 r - a +0 spear
 u - a +0 dagger of venom (weapon)
 y - a +2 hand axe of electrocution
Missiles
 i - 22 stones (quivered)
 k - 34 sling bullets
 m - 46 arrows
Armour
 a - a +0 robe
 l - a +0 buckler (worn)
 q - a +0 leather armour (worn)
Jewellery
 f - an uncursed amulet of rage {unknown}
Scrolls
 b - a scroll of magic mapping {unknown}
 d - 3 scrolls of fog {unknown}
 n - a scroll of blinking {unknown}
 o - 2 scrolls of identify {unknown}
 w - a scroll of noise {unknown}
 A - a scroll of remove curse {unknown}
 C - a scroll of enchant weapon {unknown}
Potions
 e - a potion of resistance {unknown}
 h - a potion of mutation {unknown}
 s - 2 potions of brilliance {unknown}
 t - a potion of flight {unknown}
 v - a potion of agility {unknown}
 x - a potion of cancellation {unknown}
 B - a potion of degeneration {unknown}
Comestibles
 c - 9 rations


   Skills:
 + Level 1.6 Fighting
 + Level 1.6 Short Blades
 + Level 1.6 Long Blades
 + Level 1.6 Axes
 + Level 1.6 Maces & Flails
 + Level 1.6 Polearms
 + Level 1.6 Staves
 + Level 1.6 Slings
 + Level 1.6 Bows
 + Level 1.6 Crossbows
 + Level 1.6 Throwing
 + Level 1.6 Armour
 + Level 4.8 Dodging
 + Level 4.4 Stealth
 + Level 1.6 Shields
 + Level 1.6 Unarmed Combat
 + Level 5.2 Spellcasting
 + Level 7.2 Conjurations
 + Level 1.3 Hexes
 + Level 1.3 Charms
 + Level 1.3 Summonings
 + Level 1.3 Necromancy
 + Level 1.3 Translocations
 + Level 1.3 Transmutations
 + Level 1.3 Fire Magic
 + Level 1.3 Ice Magic
 + Level 1.3 Air Magic
 + Level 1.3 Earth Magic
 + Level 1.3 Poison Magic
 + Level 1.8 Invocations
 + Level 1.6 Evocations


You had 13 spell levels left.
You knew the following spells:

 Your Spells              Type           Power        Failure   Level  Hunger
a - Magic Dart            Conj           ####         1%          1    None

Your spell library contained the following spells:

 Spells                   Type           Power        Failure   Level  Hunger
 Searing Ray              Conj           ####..       1%          2    #......
 Dazzling Spray           Conj/Hex       ###...       12%         3    ##.....
 Iskenderun's Mystic Bla  Conj           ####....     12%         4    ####...
 Force Lance              Conj/Tloc      ###.....     36%         4    ####...
 Fulminant Prism          Conj/Hex       ###.......   36%         4    ####...


Dungeon Overview and Level Annotations

Branches:
Dungeon (3/15)

Altars:
Vehumet

Annotations:
D:3 Natasha


Innate Abilities, Weirdness & Mutations

Your experience applies equally to all skills.
You have very sharp teeth.
Your uncanny sense of smell can sniff out nearby items.


Message History

Press: ? - help, Shift-Dir - straight line, f/p - orc wizard
Aim: an orc wizard, wielding a dagger and wearing a robe (moderately wounded, The magic dart hits the orc wizard.
The orc wizard is moderately wounded.
A centaur comes into view.
Casting: Magic Dart (safe; 1% risk of failure)
Confirm with . or Enter, or press ? or * to list all spells.
Aiming: Magic Dart (safe; 1% risk of failure)
Press: ? - help, Shift-Dir - straight line, f/p - orc wizard
Aim: an orc wizard, wielding a dagger and wearing a robe (moderately wounded, The magic dart hits the orc wizard.
The orc wizard is severely wounded.
The centaur shouts!
You hear a shout!
The centaur wields a shortbow.
The centaur shoots an arrow.
The arrow hits you!
The orc wizard gestures at you while chanting.
The puff of frost hits you!
* * * LOW HITPOINT WARNING * * *
Unknown command.
The centaur shoots an arrow.
The arrow hits you!
You die...

.... .c. ### ). ∆
##... ##'####
)....##.....#
.........>..#######
...(...............
.....!....@o.......
...†...))(.........
...####†##..##....#
# #.##### ...# .†.
... .... .. ..... .
#.?....


You could see a centaur and an orc wizard.

Vanquished Creatures
  A howler monkey (D:5)
  An orc wizard (D:5)
  4 gnolls (D:2)
  2 adders
  A worm (D:2)
  5 orcs (D:5)
  12 giant cockroaches
  9 goblins
  6 hobgoblins
  10 jackals
  A ball python (D:2)
  6 bats
  2 frilled lizards
  8 kobolds
  3 rats
71 creatures vanquished.

Vanquished Creatures (others)
  An adder (D:2)
1 creature vanquished.

Grand Total: 72 creatures vanquished

Notes
Turn   | Place    | Note
-------+----------+-------------------------------------------
     0 | D:1      | JedernureinKreuz the Gnoll Conjurer began the quest for the
                  | Orb.
     0 | D:1      | Reached XP level 1. HP: 13/13 MP: 6/6
   168 | D:1      | Reached XP level 2. HP: 19/19 MP: 4/7
   644 | D:1      | Reached XP level 3. HP: 25/25 MP: 9/9
   713 | D:1      | Reached skill level 5 in Spellcasting
   918 | D:2      | Reached skill level 1 in Invocations
  1207 | D:2      | Reached skill level 1 in Fighting
  1207 | D:2      | Reached skill level 1 in Short Blades
  1207 | D:2      | Reached skill level 1 in Long Blades
  1207 | D:2      | Reached skill level 1 in Axes
  1207 | D:2      | Reached skill level 1 in Maces & Flails
  1207 | D:2      | Reached skill level 1 in Polearms
  1207 | D:2      | Reached skill level 1 in Staves
  1207 | D:2      | Reached skill level 1 in Slings
  1207 | D:2      | Reached skill level 1 in Bows
  1207 | D:2      | Reached skill level 1 in Crossbows
  1207 | D:2      | Reached skill level 1 in Throwing
  1207 | D:2      | Reached skill level 1 in Armour
  1207 | D:2      | Reached skill level 1 in Shields
  1207 | D:2      | Reached skill level 1 in Unarmed Combat
  1207 | D:2      | Reached skill level 1 in Evocations
  1212 | D:2      | Reached XP level 4. HP: 30/32 MP: 11/11
  1282 | D:2      | Found a radiant altar of Vehumet.
  1321 | D:2      | Reached skill level 1 in Hexes
  1321 | D:2      | Reached skill level 1 in Charms
  1321 | D:2      | Reached skill level 1 in Summonings
  1321 | D:2      | Reached skill level 1 in Necromancy
  1321 | D:2      | Reached skill level 1 in Translocations
  1321 | D:2      | Reached skill level 1 in Transmutations
  1321 | D:2      | Reached skill level 1 in Fire Magic
  1321 | D:2      | Reached skill level 1 in Ice Magic
  1321 | D:2      | Reached skill level 1 in Air Magic
  1321 | D:2      | Reached skill level 1 in Earth Magic
  1321 | D:2      | Reached skill level 1 in Poison Magic
  1447 | D:2      | Reached XP level 5. HP: 37/37 MP: 6/12
  1519 | D:3      | Noticed Natasha
  1530 | D:3      | You fall through a shaft for 2 floors!
  1530 | D:5      | Entered Level 5 of the Dungeon
  1681 | D:5      | Noticed a centaur
  1683 | D:5      | Shot with an arrow by a centaur

Skill      XL: |  1  2  3  4 |
---------------+-------------+-----
Spellcasting   | 5 |  5.2
Invocations    | 1 |  1.8
Fighting       | 1 |  1.6
Short Blades   | 1 |  1.6
Long Blades    | 1 |  1.6
Axes           | 1 |  1.6
Maces & Flails | 1 |  1.6
Polearms       | 1 |  1.6
Staves         | 1 |  1.6
Slings         | 1 |  1.6
Bows           | 1 |  1.6
Crossbows      | 1 |  1.6
Throwing       | 1 |  1.6
Armour         | 1 |  1.6
Shields        | 1 |  1.6
Unarmed Combat | 1 |  1.6
Evocations     | 1 |  1.6
Hexes          | 1 |  1.3
Charms         | 1 |  1.3
Summonings     | 1 |  1.3
Necromancy     | 1 |  1.3
Translocations | 1 |  1.3
Transmutations | 1 |  1.3
Fire Magic     | 1 |  1.3
Ice Magic      | 1 |  1.3
Air Magic      | 1 |  1.3
Earth Magic    | 1 |  1.3
Poison Magic   | 1 |  1.3
Dodging        | |  4.8
Stealth        | |  4.4
Conjurations   | |  7.2

Action                   |  1- 3 |  4- 6 || total
-------------------------+-------+-------++-------
Melee: Dagger            |    38 |    26 ||    64
       Bite              |     2 |     3 ||     5
 Cast: Magic Dart        |    44 |    46 ||    90
 Stab: Sleeping          |     7 |     1 ||     8
  Eat: Chunk             |       |     2 ||     2
Armor: Robe              |     2 |       ||     2
       Leather armour    |     6 |     3 ||     9
Dodge: Dodged            |    25 |    25 ||    50
Block: Buckler           |     3 |     7 ||    10
